AoeStats
← Jayhawk5617

Nomad

510542822Analyzed
2v2 RM · 1d ago on Oct 1, 2026· 25m 11s· 4 players
Game mode
Random Map
Map size
176×176
Population
200
Speed
Normal
Resources
Standard
Victory
Conquest
Starting age
Dark Age
Ending age
Imperial Age
RankedLock teamsTeams togetherTeam positionsShared explorationLock speedFull tech treeHidden civsTurbo modeCheats
Victory
Defeat
🇷🇺 Slavs · Russia
999
+14
🇪🇸 Dravidians · Spain
958
+16
🇨🇿 Malay · Czechia
1000
-51
🇺🇸 Vietnamese · United States
905
-13
Ortegasmo 14
5:32 Loom
15:10 Feudal Age
16:21 Double-Bit Axe
16:23 Horse Collar
17:35 Wheelbarrow
17:30 Gold Mining
19:44 Castle Age
19:03 Forging
19:03 Man-at-Arms
19:47 Scale Mail Armor
21:06 Squires
22:05 Fishing Lines
21:53 Pikeman
22:20 Arson
22:05 Long Swordsman
76561199137489861
14:09 Feudal Age
19:53 Castle Age
18:11 Man-at-Arms
20:29 Double-Bit Axe
22:10 Horse Collar
Jayhawk5617
4:54 Loom
17:02 Feudal Age
17:47 Double-Bit Axe
17:54 Horse Collar
25:21 Castle Age
24:20 Fletching
looved
14:52 Feudal Age
16:38 Man-at-Arms
20:39 Horse Collar
20:47 Double-Bit Axe
21:35 Fletching
22:53 Padded Archer Armor
Connection lost

Rejoining the realm…

Still unreachable

The connection could not be restored.

Session expired

The server has moved on; the page needs a fresh start.